 Dungeon Crawl Stone Soup version 0.24-a0-536-gdd4cf15 (webtiles) character file.

Game seed: 13942763354454582520

4477 mudmudhug the Destroyer (level 10, -3/50 HPs)
             Began as a Deep Elf Conjurer on Aug 11, 2019.
             Was an Elder of Vehumet.
             Slain by a yak (7 damage)
             ... on level 8 of the Dungeon.
             The game lasted 00:58:58 (8989 turns).

mudmudhug the Destroyer (Deep Elf Conjurer)         Turns: 8989, Time: 00:58:59

Health: -3/50      AC:  5    Str:  7 (8)  XL:     10   Next: 15%
Magic:  19/21      EV: 13    Int: 21      God:    Vehumet [****..]
Gold:   412        SH:  0    Dex: 15      Spells: 9/22 levels left

rFire    . . .     SeeInvis .   q - staff of wizardry
rCold    . . .     Gourm    .   (no shield)
rNeg     . . .     Faith    +   a - +2 robe
rPois    .         Spirit   .   (no helmet)
rElec    .         Reflect  .   (no cloak)
rCorr    .         Harm     .   B - +0 pair of gloves
MR       ++...                  (no boots)
Stlth    ++........             p - amulet of faith
HPRegen  0.16/turn              g - ring of protection from magic
MPRegen  0.17/turn              (no ring)

@: invisible
A: no striking features
a: Renounce Religion


You were on level 8 of the Dungeon.
You worshipped Vehumet.
Vehumet was greatly pleased with you.
You were not hungry.

You visited 1 branch of the dungeon, and saw 9 of its levels.

You collected 412 gold pieces.

Inventory:

Hand Weapons
 b - a +1 short sword
Missiles
 e - 218 stones (quivered)
Armour
 a - a +2 robe (worn)
 f - a +2 pair of gloves
 m - a +0 robe of positive energy
 B - a +0 pair of gloves (worn)
Magical Staves
 q - an uncursed staff of wizardry (weapon)
 A - an uncursed staff of wizardry
Jewellery
 g - a ring of protection from magic (left hand)
 p - an amulet of faith (around neck)
 r - an uncursed ring of protection from fire
 s - an uncursed amulet of faith
Wands
 j - a wand of flame (9)
 k - a wand of acid (10)
 t - a wand of paralysis (11)
 u - a wand of polymorph (8)
 x - a wand of random effects (17)
Scrolls
 d - 5 scrolls of remove curse
 h - 2 scrolls of identify
 i - a scroll of enchant weapon
 l - 2 scrolls of teleportation
 n - a scroll of blinking
 w - a scroll of fog
 y - a scroll of immolation
Potions
 z - a potion of haste
Comestibles
 c - 7 rations


   Skills:
 - Level 0.1 Fighting
 - Level 0.4 Short Blades
 - Level 2.4 Dodging
 - Level 2.4 Stealth
 + Level 6.6 Spellcasting
 + Level 14.4 Conjurations
 + Level 6.2 Charms
 - Level 0.5 Translocations
 - Level 0.7 Fire Magic


You had 9 spell levels left.
You knew the following spells:

 Your Spells              Type           Power        Failure   Level  Hunger
a - Magic Dart            Conj           ####         1%          1    None
b - Searing Ray           Conj           ######       1%          2    None
c - Flame Tongue          Conj/Fire      #####        1%          1    None
d - Force Lance           Conj/Tloc      #####...     1%          4    ###....
e - Regeneration          Chrm/Necr      ###.......   3%          3    #......
f - Passwall              Tmut/Erth      #.......     6%          2    None

Your spell library contained the following spells:

 Spells                   Type           Power        Failure   Level  Hunger
 Inner Flame              Hex/Fire       #.......     3%          3    #......
 Sandblast                Erth           #.....       1%          1    None
 Shock                    Conj/Air       ####         1%          1    None
 Swiftness                Chrm/Air       ###.....     1%          2    None
 Conjure Flame            Conj/Fire      #####...     1%          3    #......
 Dazzling Spray           Conj/Hex       #####.       1%          3    #......
 Mephitic Cloud           Conj/Pois/Air  ####....     1%          3    #......
 Static Discharge         Conj/Air       #####...     1%          3    #......
 Stone Arrow              Conj/Erth      #####.       1%          3    #......
 Fulminant Prism          Conj/Hex       #####.....   1%          4    ###....
 Iskenderun's Mystic Bla  Conj           ######..     1%          4    ###....
 Lightning Bolt           Conj/Air       #####.....   1%          5    #####..
 Animate Skeleton         Necr           N/A          4%          1    None
 Pain                     Necr           #...         4%          1    None
 Poisonous Vapours        Pois/Air       #.....       6%          2    None
 Airstrike                Air            #.........   11%         4    ###....
 Vampiric Draining        Necr           #.........   12%         3    #......
 Freezing Cloud           Conj/Ice/Air   ####......   21%         6    ######.
 Lee's Rapid Deconstruct  Erth           #.........   26%         5    #####..
 Animate Dead             Necr           N/A          34%         4    ###....
 Petrify                  Tmut/Erth      #.......     34%         4    ###....
 Ring of Flames           Chrm/Fire      ###.......   99%         7    #######


Dungeon Overview and Level Annotations

Branches:
Dungeon (9/15)             Temple (0/1) D:6
   Lair: D:8-11         Orc: D:9-12

Altars:
Ashenzari
Elyvilon
Gozag
Kikubaaqudgha
Nemelex Xobeh
Qazlal
Ru
Sif Muna
Vehumet
Wu Jian
Xom
Yredelemnul
Zin
The Shining One

Shops:
D:6 *   D:9 *

Annotations:
D:5 2 transporters


Message History

Aiming: Searing Ray (safe; 1% risk of failure)
Press: ? - help, Shift-Dir - straight line, f - yak
Aim: a yak The searing ray hits the yak!
The yak is moderately wounded. (Press . to maintain the ray.)
The yak barely misses you. x2
The searing ray hits the yak.
The yak is moderately wounded.
The yak gores you! x2
* * * LOW HITPOINT WARNING * * *
The yak completely misses you. The yak gores you!
* * * LOW HITPOINT WARNING * * *
You climb upwards.
There is a stone staircase leading down here.
You feel much better. The yak barely misses you. The yak gores you!
* * * LOW HITPOINT WARNING * * *
You fade into invisibility!
The yak gores you!
You die...

..##.#.......###.######.#####.#
..♣#####.###............# #.###
.♣♣ #.# #####.############...#
♣♣ ###.# #.# #.........# ♣
#...# #.# #.........# ♣♣ #####
#.# #..♣♣♣....# .♣♣
###########.######.........#
..♣
#.......#.Y.....#..........#
..♣♣
#....##.#.#@###..p...♣.♣..##
...♣
####.##.#.#Y###.##........#
..♣♣
#.....#.#.#...............# ..♣
#............##.#...##.#### .♣♣
##....#.#.......######.#### ♣♣
#....##.##...#### #()..## ♣
##.####.###.## #.###.# ♣♣
#.......# #.# #.# #.# .♣♣
########## #.# #.###.#


You could see 2 yaks.

Vanquished Creatures
  Pikel (D:8)
  Prince Ribbit (D:6)
  A yak (D:9)
  A slave (D:8)
  2 orc warriors
  3 sky beasts
  2 ice beasts
  A black bear (D:6)
  3 phantoms
  6 ogres
  2 centaurs
  3 bullfrogs
  A scorpion (D:7)
  A water moccasin skeleton (D:7)
  7 killer bees
  A howler monkey (D:4)
  2 crimson imps
  A bullfrog zombie (D:9)
  5 hounds
  5 jellies
  4 bullfrog skeletons
  5 orc priests
  An iguana (D:9)
  Ijyb (D:5)
  3 centaur skeletons
  3 worker ants
  5 orc wizards
  3 hound zombies
  17 adders
  3 shadow imps
  5 oozes (D:8)
  An adder skeleton (D:4)
  An adder zombie (D:5)
  A worm (D:5)
  A dart slug (D:3)
  7 leopard geckos
  19 orcs
  3 ball pythons
  6 bats
  3 giant cockroaches
  11 goblins
  5 hobgoblins
  10 jackals
  8 kobolds
  8 frilled lizards
  A jackal skeleton (D:4)
  A quokka skeleton (D:6)
  4 rats
189 creatures vanquished.

Notes
Turn   | Place    | Note
-------+----------+-------------------------------------------
     0 | D:1      | mudmudhug the Deep Elf Conjurer began the quest for the
                  | Orb.
     0 | D:1      | Reached XP level 1. HP: 10/10 MP: 6/6
   320 | D:1      | Reached XP level 2. HP: 15/15 MP: 4/8
   358 | D:1      | Learned a level 2 spell: Searing Ray
   376 | D:1      | Reached skill level 5 in Conjurations
   683 | D:2      | Reached XP level 3. HP: 19/19 MP: 0/9
   747 | D:2      | Found an ancient bone altar of Kikubaaqudgha.
   806 | D:2      | Found a radiant altar of Vehumet.
   807 | D:2      | Found a basalt altar of Yredelemnul.
   810 | D:2      | Found a shattered altar of Ashenzari.
   814 | D:2      | Found an ornate altar of the Wu Jian Council.
   814 | D:2      | Found an opulent altar of Gozag.
   817 | D:2      | Found a shimmering blue altar of Sif Muna.
   817 | D:2      | Found a stormy altar of Qazlal.
   818 | D:2      | Found a shimmering altar of Xom.
   827 | D:2      | Became a worshipper of Vehumet
   896 | D:2      | Reached skill level 6 in Conjurations
  1008 | D:2      | Reached XP level 4. HP: 24/24 MP: 3/10
  1092 | D:2      | Found a sparkling altar of Nemelex Xobeh.
  1473 | D:3      | Reached * piety under Vehumet
  1473 | D:3      | Offered knowledge of Flame Tongue by Vehumet.
  1478 | D:3      | Learned a level 1 spell: Flame Tongue
  1574 | D:3      | Reached XP level 5. HP: 28/28 MP: 6/11
  1610 | D:3      | Reached skill level 7 in Conjurations
  1961 | D:3      | Found a sacrificial altar of Ru.
  2334 | D:4      | Learned a level 4 spell: Force Lance
  2468 | D:4      | Noticed a phantom
  2499 | D:4      | Killed a phantom
  2499 | D:4      | Reached skill level 8 in Conjurations
  2499 | D:4      | Reached XP level 6. HP: 25/32 MP: 0/12
  2597 | D:4      | Offered knowledge of Throw Frost by Vehumet.
  2685 | D:4      | Reached ** piety under Vehumet
  2952 | D:4      | Found a glowing golden altar of the Shining One.
  3158 | D:5      | Entered Level 5 of the Dungeon
  3327 | D:5      | Reached skill level 9 in Conjurations
  3327 | D:5      | Reached XP level 7. HP: 34/36 MP: 8/13
  3388 | D:5      | Found a transporter.
  3393 | D:5      | Found a transporter.
  3419 | D:5      | Learned a level 3 spell: Regeneration
  3792 | D:5      | Got a crystal falchion
  3793 | D:5      | Identified the cursed +1 falchion of Destiny {elec, +Blink
                  | rC+ Stlth+} (You found it on level 5 of the Dungeon)
  3859 | D:5      | Noticed Ijyb
  4105 | D:5      | Killed Ijyb
  4318 | D:6      | Reached skill level 10 in Conjurations
  4453 | D:6      | Found a staircase to the Ecumenical Temple.
  4750 | D:6      | Offered knowledge of Stone Arrow by Vehumet.
  4783 | D:5      | Reached XP level 8. HP: 18/41 MP: 0/14
  5017 | D:6      | Found Zin's Purification Station.
  5020 | D:6      | Found a glowing silver altar of Zin.
  5044 | D:6      | Reached skill level 11 in Conjurations
  5052 | D:6      | Reached *** piety under Vehumet
  5649 | D:6      | Reached skill level 12 in Conjurations
  5696 | D:6      | Noticed Prince Ribbit
  5741 | D:6      | Killed Prince Ribbit
  5872 | D:6      | Offered knowledge of Mephitic Cloud by Vehumet.
  6373 | D:7      | Reached skill level 13 in Conjurations
  6373 | D:7      | Reached XP level 9. HP: 38/45 MP: 6/15
  6993 | D:7      | Reached **** piety under Vehumet
  6993 | D:7      | Reached skill level 1 in Charms
  7465 | D:8      | Found a shattered altar of Ashenzari.
  7484 | D:8      | Offered knowledge of Inner Flame by Vehumet.
  7542 | D:8      | Found a white marble altar of Elyvilon.
  7579 | D:8      | Reached skill level 14 in Conjurations
  7801 | D:8      | Noticed Pikel
  7844 | D:8      | Killed Pikel
  7844 | D:8      | Reached skill level 5 in Spellcasting
  7844 | D:8      | Reached skill level 5 in Charms
  8059 | D:8      | Reached XP level 10. HP: 46/50 MP: 13/20
  8645 | D:8      | Learned a level 2 spell: Passwall
  8645 | D:8      | Identified a scroll of acquirement
  8779 | D:9      | Found Cisuova's General Store.
  8986 | D:9      | HP: 1/50 [yak (13)]
  8989 | D:8      | Slain by a yak

Levels and vault maps discovered:
D:1:      sevenhm_arrival_forest_fort_small_4, layout_loops_ring,
          minmay_misc_feat_secret_circle, chequers_arboretum
D:2:      layout_basic, kiku_gazebo_pond_becter, grunt_temple_overflow_open,
          nemelex_spade_bored_becter
D:3:      layout_basic, nicolae_ru_the_path_less_chosen
D:4:      layout_loops_ring, nicolae_tso_carved_into_rock
D:5:      gammafunk_steamed_eel, layout_basic, first_ration, uniq_ijyb
D:6:      layout_gridville, zin_purify, minmay_temple_entry_junction,
          uniq_prince_ribbit1
D:7:      layout_loops_cross, enter_ossuary_2
D:8:      layout_loops_corners, elyvilon_altar_3, chequers_garden,
          hangedman_little_slice_of_home, nicolae_ashenzari_panopticon,
          uniq_pikel
D:9:      layout_loops_ring, serial_shops, shop, nicolae_shop_crystal,
          shop_statue, shop

Skill      XL: |  1  2  3  4  5  6  7  8  9 10 |
---------------+-------------------------------+-----
Conjurations   | 5 6 8 9 10 13 14 | 14.4
Charms         | 5 6 |  6.2
Spellcasting   | 5 6 |  6.6
Fighting       | |  0.1
Short Blades   | |  0.4
Dodging        | |  2.4
Stealth        | |  2.4
Translocations | |  0.5
Fire Magic     | |  0.7

Action                   |  1- 3 |  4- 6 |  7- 9 | 10-12 || total
-------------------------+-------+-------+-------+-------++-------
Melee: Short sword       |    11 |    10 |       |       ||    21
       Staff             |       |       |    12 |     2 ||    14
 Cast: Magic Dart        |    62 |    91 |   241 |    37 ||   431
       Searing Ray       |     1 |     7 |    24 |     8 ||    40
       Flame Tongue      |       |     6 |    14 |     2 ||    22
       Force Lance       |       |     4 |    27 |     5 ||    36
       Regeneration      |       |       |     5 |     1 ||     6
Evoke: Wand              |       |       |     3 |       ||     3
  Use: Scroll            |     4 |    10 |     4 |     2 ||    20
       Potion            |     3 |     1 |     8 |     2 ||    14
  Eat: Chunk             |       |     3 |     7 |       ||    10
       Ration            |       |     1 |     5 |     1 ||     7
Armor: Robe              |     6 |    15 |    45 |     2 ||    68
Dodge: Dodged            |    17 |    36 |   112 |    26 ||   191

Table legend:
 A = Non-vault XP
 B = Vault XP
 C = Vault XP percentage of total XP
 D = Non-vault monster count
 E = Vault monster count
 F = Vault count percentage of total count
                 A         B        C        D         E       F
            +---------+---------+-------+---------+---------+-------
      Total |    5234 |    1162 |  18.2 |     177 |      11 |   5.9
            +---------+---------+-------+---------+---------+-------
        D:1 |      19 |       0 |   0.0 |      12 |       0 |   0.0
        D:2 |     105 |       0 |   0.0 |      30 |       0 |   0.0
        D:3 |     103 |       0 |   0.0 |      25 |       0 |   0.0
        D:4 |     430 |       0 |   0.0 |      18 |       0 |   0.0
        D:5 |     427 |      38 |   8.2 |      17 |       1 |   5.6
        D:6 |    1101 |     274 |  19.9 |      26 |       1 |   3.7
        D:7 |    1668 |       0 |   0.0 |      28 |       0 |   0.0
        D:8 |     906 |     850 |  48.4 |      13 |       9 |  40.9
        D:9 |     475 |       0 |   0.0 |       8 |       0 |   0.0
            +---------+---------+-------+---------+---------+-------
